 Dungeon Crawl Stone Soup version 0.18-a0-1507-g69458e0 (webtiles) character file.

51 GrosslyIncandescent the Insei (level 3, -1/29 HPs)
             Began as a Mummy Monk on Mar 5, 2016.
             Slain by a kobold
             ... wielding a +0 dagger
              (3 damage)
             ... on level 3 of the Dungeon.
             The game lasted 00:03:27 (2228 turns).

GrosslyIncandescent the Insei (Mummy Monk)          Turns: 2228, Time: 00:03:27

Health: -1/29      AC:  0    Str: 14    XL:     3   Next: 58%
Magic:  3/3        EV: 17    Int:  9    God:
Gold:   144        SH:  0    Dex: 15    Spells: 0 memorised, 2 levels left

rFire  x . .     SeeInvis .       - Unarmed
rCold  + . .     Gourm    .     (no armour)
rNeg   + + +     Faith    .     (no shield)
rPois  ∞         Spirit   .     (no helmet)
rElec  .         Dismiss  .     (no cloak)
rCorr  .         Reflect  .     (no gloves)
SustAt +         Harm     .     (no boots)
MR     .....                    (no amulet)
Stlth  ++........               f - +4 ring of evasion {Neat}
                                e - ring of sustain attributes

@: not resistant to hostile enchantments, unstealthy
A: no food or potions, fire vulnerability, cold resistance 1, negative energy
resistance 3, torment resistance, unbreathing
a: no special abilities


You were on level 3 of the Dungeon.
You were not hungry.

You visited 1 branch of the dungeon, and saw 3 of its levels.

You collected 144 gold pieces.


Innate Abilities, Weirdness & Mutations

You do not eat or drink.
Your flesh is vulnerable to fire.
You are immune to poison.
Your flesh is cold resistant.
You are immune to negative energy.
You are immune to unholy pain and torment.
You can survive without breathing.


   Skills:
 - Level 3.0 Fighting
 - Level 2.4 Dodging
 - Level 1.5 Stealth
 + Level 4.4 Unarmed Combat


You had 2 spell levels left.
You didn't know any spells.

Inventory:

Jewellery
 e - a ring of sustain attributes (left hand)
 f - a +4 ring of evasion (right hand) {Neat}
Scrolls
 b - a scroll of recharging {unknown}
 c - a scroll of teleportation {@r4}
 d - 4 scrolls of fear {unknown}
 g - a scroll of remove curse {unknown}
 h - 5 scrolls of identify {unknown}
Comestibles
 a - a meat ration (quivered)

Dungeon Overview and Level Annotations

Branches:
Dungeon (3/15)

Altars:
Pakellas

Shops:
D:2 }

Annotations:
D:2 exclusion: upstairs

... ......(
▒▒.▒▒▒o.o......▒
▒..).oK........▒
▒..▒▒▒l........
▒.. ........
.... .......
▒)▒.. ▒.▒▒▒.▒
▒.... ▒▒▒.▒▒▒o▒▒
▒▒... ▒....M...▒
▒... ▒....K...▒
▒...%....▒
▒........▒
.....▒▒▒.▒▒
..▒▒▒▒ ▒.▒ . ...
▒.▒▒ ▒.▒


You could see an orc and a kobold.


Message History

The orc misses you!
You closely miss the hobgoblin!
The hobgoblin hits you with a club! * * * don't die
* * * The orc misses you!
You pummel the hobgoblin like a punching bag!
The hobgoblin is lightly wounded!
The hobgoblin misses you!
The orc hits you with a flail! * * * don't die
* * * You squash the hobgoblin like an ant!
Your punch misses the hobgoblin!
The hobgoblin is heavily wounded!
The hobgoblin hits you with a club! * * * don't die
* * * Read which item? (? for menu, Esc to quit)
As you read the scroll labeled NUMISHR BUHEUG, it crumbles to dust!
You feel strangely unstable!
It was a scroll of teleportation!
The orc misses you! The hobgoblin closely misses you!
You beat the hobgoblin into a bloody pulp!
The hobgoblin is severely wounded!
The orc barely misses you!
You beat the hobgoblin into a bloody pulp!
You annihilate the hobgoblin!!!
The orc misses you!
Your surroundings suddenly seem different!
Found a bread ration!
You start resting!
You start resting!
The kobold closely misses you!
The orc hits you with a mace! * * * don't die
* * * The kobold hits you with a dagger! rip

Action                   || total
-------------------------++-------
Melee: Unarmed           ||   116
  Use: Scroll            ||     1
 Stab: Sleeping          ||     6

Vault maps used:
D:1:      sevenhm_arrival_forest_fort_large_2
D:2:      johnstein_pakellas_shop
D:3:      first_bread

Notes
Turn   | Place    | Note
--------------------------------------------------------------
     0 | D:1      | GrosslyIncandescent the Mummy Monk began the quest for the Orb.
     0 | D:1      | Reached XP level 1. HP: 18/18 MP: 1/1
   347 | D:1      | Reached XP level 2. HP: 6/24 MP: 2/2
  1037 | D:1      | Reached skill level 4 in Unarmed Combat
  1311 | D:1      | Reached XP level 3. HP: 21/29 MP: 3/3
  1876 | D:2      | Found an oddly glowing altar of Pakellas.
  1876 | D:2      | Found Pakellas's Prime Provisions.
  2227 | D:3      | HP: 2/29 [orc/mace (6)]
  2228 | D:3      | Slain by a kobold

Vanquished Creatures
  An adder (D:2)
  A dart slug (D:1)
  A giant gecko (D:2)
  2 orcs (D:2)
  A ball python (D:1)
  3 bats (D:1)
  A giant cockroach (D:1)
  6 goblins
  6 hobgoblins
  4 jackals (D:1)
  2 kobolds
  2 giant newts (D:1)
  3 rats
33 creatures vanquished.
